 Dungeon Crawl Stone Soup version 0.29.1 (webtiles) character file.

Game seed: 13183745304685802539

10663 blackman the Cleaver (level 11, -6/84 HPs)
             Began as a Formicid Fighter on Sept 12, 2022.
             Was an Elder of Okawaru.
             Mangled by a death yak (23 damage)
             ... on level 11 of the Dungeon.
             The game lasted 00:32:31 (19285 turns).

blackman the Cleaver (Formicid Fighter)            Turns: 19285, Time: 00:32:31

Health: -6/84      AC: 13    Str: 26    XL:     11   Next: 97%
Magic:  11/11      EV:  8    Int:  7    God:    Okawaru [****..]
Gold:   745        SH:  5    Dex: 13    Spells: 10/10 levels left

rFire   . . .      SeeInvis +   a - +0 battleaxe
rCold   . . .      Faith    .   c - +0 buckler
rNeg    . . .      Spirit   .   q - +0 chain mail
rPois   .          Reflect  .   (helmet unavailable)
rElec   .          Harm     .   C - +1 cloak
rCorr   .          Rampage  .   u - +0 pair of gloves
Will    +....                   D - +0 pair of boots
Stlth   ..........              (no amulet)
HPRegen 0.24/turn               (no ring)
MPRegen 0.12/turn               (no ring)

@: no status effects
A: permanent stasis, dig shafts and tunnels, antennae 3, four strong arms
a: Dig, Shaft Self, Renounce Religion, Heroism, Finesse


You were on level 11 of the Dungeon.
You worshipped Okawaru.
Okawaru was greatly pleased with you.
You visited 2 branches of the dungeon, and saw 12 of its levels.

You collected 745 gold pieces.

Inventory:

Hand Weapons
 a - a +0 battleaxe (weapon)
 O - a +1 war axe of freezing
 P - a +0 giant club
Missiles
 p - 5 curare-tipped darts
 B - a throwing net
 G - 3 atropa-tipped darts
 H - 3 boomerangs (quivered)
 J - 22 poisoned darts
 L - 2 javelins
Armour
 c - a +0 buckler (worn)
 q - a +0 chain mail (worn)
 u - a +0 pair of gloves (worn)
 C - a +1 cloak (worn)
 D - a +0 pair of boots (worn)
Jewellery
 e - a ring of wizardry
 f - an amulet of reflection
 k - a ring of protection from cold
 N - a ring of ice
Wands
 w - a wand of roots (1)
 A - a wand of paralysis (6)
 K - a wand of quicksilver (2)
 Q - a wand of polymorph (6)
 R - a wand of flame (3)
Scrolls
 d - 4 scrolls of blinking
 g - 9 scrolls of teleportation
 h - 2 scrolls of magic mapping
 j - 3 scrolls of enchant armour
 x - 2 scrolls of summoning
 y - 3 scrolls of torment
 F - a scroll of silence
 I - a scroll of vulnerability
 M - a scroll of fog
 S - a scroll of amnesia
Potions
 b - a potion of ambrosia {unknown}
 l - a potion of haste {unknown}
 m - 3 potions of curing
 n - a potion of cancellation {unknown}
 o - a potion of berserk rage {unknown}
 r - a potion of attraction {unknown}
 s - 2 potions of heal wounds {unknown}
 t - 3 potions of magic
 v - a potion of resistance
 z - 3 potions of degeneration {unknown}
 E - a potion of might
 T - a potion of brilliance {unknown}


   Skills:
 - Level 7.2 Fighting
 * Level 13.0 Axes
 - Level 11.3 Throwing
 - Level 3.4 Armour
 - Level 4.1 Shields


You had 10 spell levels left.
You didn't know any spells.
Your spell library contained the following spells:

 Spells                   Type           Power      Damage    Failure   Level
 Necrotise                Necr           0%         1d4       98%         1
 Sting                    Tmut/Pois      0%         1d3       98%         1
 Poisonous Vapours        Pois/Air       0%         N/A       99%         2
 Gell's Gravitas          Tloc           0%         N/A       100%        3
 Lesser Beckoning         Tloc           0%         N/A       100%        3
 Portal Projectile        Hex/Tloc       0%         N/A       100%        3
 Teleport Other           Tloc           0%         N/A       100%        3
 Vampiric Draining        Necr           0%         2d6       100%        3
 Cause Fear               Hex            0%         N/A       100%        4
 Leda's Liquefaction      Hex/Erth       0%         N/A       100%        4
 Olgreb's Toxic Radiance  Pois           0%         N/A       100%        4
 Agony                    Necr           0%         N/A       100%        5
 Dragon Form              Tmut           0%         N/A       100%        7
 Call Canine Familiar     Summ           Unusable   N/A       N/A         3
 Dragon's Call            Summ           Unusable   N/A       N/A         9

Dungeon Overview and Level Annotations

Branches:
Dungeon (11/15)            Temple (1/1) D:7            Lair (0/5) D:11
    Orc (0/2) D:11

Altars:
Ashenzari
Cheibriados
Dithmenos
Elyvilon
Fedhas
Gozag
Hepliaklqana
Kikubaaqudgha
Makhleb
Nemelex Xobeh
Okawaru
Qazlal
Ru
Sif Muna
Trog
Uskayaw
Vehumet
Wu Jian
Xom
Yredelemnul
Zin
The Shining One


Innate Abilities, Weirdness & Mutations

You cannot be hasted, slowed, berserked, paralysed or teleported.
You can dig through walls and to a lower floor.
You have a pair of large antennae on your head. (SInv)
Your four strong arms can wield two-handed weapons with a shield.


Message History

The death yak is heavily wounded.
You block the death yak's attack.
You barely miss the death yak.
The death yak is heavily wounded.
The death yak gores you!
The death yak bellows!
You slash the death yak!
The death yak is heavily wounded.
You hear a bellow!
The death yak gores you!
You hear a bellow!
You completely miss the death yak.
The death yak is heavily wounded.
You slice the death yak!!
The death yak is almost dead.
You hit the death yak.
The death yak is almost dead.
The death yak gores you.
You hit the death yak but do no damage.
The death yak is almost dead.
You hit the death yak but do no damage. The death yak gores you!
A death yak comes into view.
The death yak gores you but does no damage.
Okay, then.
Unknown command.
You hit the death yak but do no damage.
The death yak is almost dead.
You hit the death yak but do no damage.
The death yak is no longer moving slowly.
The death yak gores you!
You slice the death yak!!
You kill the death yak!
Okawaru is honoured by your kill.
You hit the death yak but do no damage. The death yak gores you!!
* * * LOW HITPOINT WARNING * * *
Your Axes skill increases to level 13!
Unknown command.
Are you sure you want to shaft yourself?
The death yak gores you!!
You die...

#.........#...........#.#...#...#
#.........#...........#.#...#....
#....####.#...........#.#...#...#
#.........###########.#.....#####
#.........# ##.####.##'#### #
#.........#...#............# #
#...##....#...#............# #
#...##....#...+............# #
#...##....# ..#Y@Y.........#
#.........# #.##.###########
#.....#######.##Y#.....##########
#.###.#.........(#.....#.........
#.# #.#..........'.....#.........
#.# #.#..........#..##.#........#
#.# #.#..........#Y†...#........#
#.###.#..........#.....#.........
#.....#....#######Y....##########


You could see 3 death yaks.

Vanquished Creatures
  A two-headed ogre (D:9)
  Erica (D:9)
  2 death yaks (D:11)
  A cyclops (D:11)
  A manticore (D:10)
  Maggie (D:10)
  3 trolls
  Grinder (D:5)
  A hornet (D:8)
  4 wyverns
  A vampire (D:11)
  A wraith (D:10)
  6 yaks
  3 steam dragons
  3 vampire mosquitoes (D:11)
  2 acid dragons (D:8)
  A water moccasin (D:7)
  3 black bears
  2 orc warriors
  2 centaurs
  4 kobold brigands
  A bullfrog (D:7)
  A necrophage (D:5)
  A scorpion (D:7)
  11 wights
  12 killer bees
  3 howler monkeys
  A jelly (D:5)
  3 gnoll boudas
  7 orc priests
  4 hounds
  Jessica (D:3)
  6 iguanas
  Natasha (thrice) (D:3)
  7 orc wizards
  10 adders
  12 gnolls
  A worm (D:5)
  A dart slug (D:1)
  32 orcs
  A bat (D:2)
  11 endoplasms
  4 giant cockroaches
  7 goblins
  6 hobgoblins
  3 jackals (D:1)
  2 quokkas
  A ball python (D:1)
  4 frilled lizards
  25 kobolds
  7 rats
232 creatures vanquished.

Vanquished Creatures (others)
  A wizard (D:5)
  5 plants (D:3)
  A withered plant (D:1)
7 creatures vanquished.

Grand Total: 239 creatures vanquished

Notes
Turn   | Place    | Note
-------+----------+-------------------------------------------
     0 | D:1      | blackman the Formicid Fighter began the quest for the Orb.
     0 | D:1      | Reached XP level 1. HP: 18/18 MP: 1/1
    43 | D:1      | Found a faded altar of an unknown god.
   108 | D:1      | Reached XP level 2. HP: 18/24 MP: 2/2
   553 | D:1      | Reached skill level 3 in Axes
   553 | D:1      | Reached XP level 3. HP: 29/29 MP: 3/3
  1031 | D:2      | Found a burning altar of Makhleb.
  1642 | D:3      | Noticed Natasha
  1656 | D:3      | Killed Natasha
  1657 | D:3      | Reached skill level 4 in Axes
  1657 | D:3      | Reached XP level 4. HP: 6/35 MP: 4/4
  2743 | D:3      | Noticed Jessica
  2746 | D:3      | Killed Jessica
  2747 | D:3      | Reached XP level 5. HP: 38/41 MP: 5/5
  2841 | D:3      | Noticed Natasha
  2849 | D:3      | Killed Natasha
  3062 | D:3      | Noticed Natasha
  3070 | D:3      | Killed Natasha
  3071 | D:3      | Reached skill level 5 in Axes
  3144 | D:4      | Reached XP level 6. HP: 47/47 MP: 6/6
  3209 | D:4      | Reached skill level 6 in Axes
  3988 | D:4      | Reached XP level 7. HP: 40/52 MP: 7/7
  4097 | D:4      | Reached skill level 7 in Axes
  4286 | D:5      | Entered Level 5 of the Dungeon
  4943 | D:5      | Reached skill level 8 in Axes
  5068 | D:5      | Noticed Grinder
  5079 | D:5      | Killed Grinder
  5080 | D:5      | Reached XP level 8. HP: 47/58 MP: 8/8
  5275 | D:5      | Reached skill level 9 in Axes
  5757 | D:5      | Found a bloodstained altar of Trog.
  5758 | D:5      | Noticed a wizard
  5763 | D:5      | Killed a wizard
  6886 | D:6      | Reached skill level 1 in Throwing
  7468 | D:6      | Reached XP level 9. HP: 61/64 MP: 9/9
  8221 | D:7      | Reached skill level 5 in Throwing
  9680 | D:7      | Found a staircase to the Ecumenical Temple.
  9687 | Temple   | Entered the Ecumenical Temple
  9966 | D:7      | Found a shadowy altar of Dithmenos.
  9966 | D:7      | Found a snail-covered altar of Cheibriados.
  9974 | D:7      | Found an iron altar of Okawaru.
  9980 | D:7      | Found a stormy altar of Qazlal.
  9982 | D:7      | Found a blossoming altar of Fedhas.
  9997 | D:7      | Became a worshipper of Warmaster Okawaru
 11754 | D:8      | Reached XP level 10. HP: 23/70 MP: 10/10
 12985 | D:8      | Reached skill level 10 in Throwing
 13123 | D:8      | Reached * piety under Okawaru
 13541 | D:8      | HP: 1/70 [killer bee (6)]
 14728 | D:9      | Noticed Erica
 14737 | D:9      | Killed Erica
 14737 | D:9      | Reached ** piety under Okawaru
 14738 | D:9      | Reached skill level 5 in Fighting
 14986 | D:9      | Found a hazy altar of Hepliaklqana.
 15025 | D:9      | Found a broken altar of Ashenzari.
 15113 | D:9      | Reached XP level 11. HP: 58/81 MP: 11/11
 15310 | D:9      | Noticed a two-headed ogre
 15328 | D:9      | Killed a two-headed ogre
 15422 | D:9      | Reached *** piety under Okawaru
 15423 | D:9      | Reached skill level 10 in Axes
 16067 | D:10     | Entered Level 10 of the Dungeon
 16070 | D:10     | Noticed Maggie
 16080 | D:10     | Killed Maggie
 16172 | D:10     | Identified the +0 long sword of Reckuw {vorpal, +Blink Fly
                  | rCorr}
 16224 | D:10     | Received a gift from Okawaru
 16225 | D:10     | Reached skill level 11 in Axes
 17355 | D:10     | Noticed a manticore
 17361 | D:10     | Killed a manticore
 17592 | D:11     | Noticed a cyclops
 17605 | D:11     | Killed a cyclops
 17622 | D:11     | Reached skill level 12 in Axes
 18344 | D:11     | Found a staircase to the Orcish Mines.
 18367 | D:11     | Reached **** piety under Okawaru
 18369 | D:11     | Noticed a cyclops
 19138 | D:11     | Noticed a death yak
 19138 | D:11     | Noticed a death yak
 19145 | D:11     | Noticed a death yak
 19243 | D:11     | Found a staircase to the Lair.
 19246 | D:11     | Noticed a death yak
 19264 | D:11     | Killed a death yak
 19282 | D:11     | Noticed a death yak
 19284 | D:11     | Killed a death yak
 19285 | D:11     | Reached skill level 13 in Axes
 19285 | D:11     | Mangled by a death yak

Illustrated notes

Levels and vault maps discovered:
D:1:      nzn_arrival_water_spiral, layout_basic,
          ebering_ecumenical_altar_petrified
D:2:      minmay_angry_zag, layout_basic, basic_altar, grunt_decor_resistance,
          st_stairs_5
D:3:      layout_loops_corners, lexackson_kobold_supper, uniq_natasha,
          uniq_jessica
D:4:      layout_basic
D:5:      layout_basic, trog_wizard, item_on_display_a, uniq_grinder
D:6:      layout_basic, kennysheep_path_1
D:7:      layout_loops_ring, chequers_temple_overflow_minitemple,
          minmay_temple_entry_metal_lava
D:8:      layout_gridville, st_stairs_9
D:9:      layout_irregular_city, nzn_hepliaklqana_mist_gate, old_standard_altar,
          grunt_ministairs_7, uniq_erica
D:10:     layout_basic, uniq_maggie
D:11:     layout_stronghold, dpeg_lair_monsters
Temple:   nicolae_temple_ecumenical_triangle

Skill      XL: |  1  2  3  4  5  6  7  8  9 10 11 |
---------------+----------------------------------+-----
Axes           | 3 4 5 6 8 9 13 | 13.0
Throwing       | 3 8 11 | 11.3
Fighting       | 5 7 |  7.2
Armour         | |  3.4
Shields        | |  4.1

Action                   |  1- 3 |  4- 6 |  7- 9 | 10-12 || total
-------------------------+-------+-------+-------+-------++-------
Melee: War axe           |    72 |    99 |   260 |    49 ||   480
       Battleaxe         |       |       |       |   141 ||   141
Throw: Javelin           |       |     5 |    12 |     8 ||    25
       Dart              |       |       |     5 |     5 ||    10
       Boomerang         |       |       |    31 |   105 ||   136
 Abil: Dig               |       |       |       |     1 ||     1
       Shaft Self        |       |       |       |     1 ||     1
Evoke: Wand              |       |       |     7 |     1 ||     8
  Use: Potion            |     1 |       |     2 |     2 ||     5
       Scroll            |       |       |       |    13 ||    13
 Stab: Paralysed         |       |       |       |     2 ||     2
Armor: Scale mail        |    16 |       |       |       ||    16
       Chain mail        |    20 |    60 |   114 |   113 ||   307
Dodge: Dodged            |    36 |    41 |    84 |    98 ||   259
Block: Buckler           |    17 |    19 |    45 |    62 ||   143
